 Dungeon Crawl Stone Soup version 0.18-a0-1554-g49b38aa (webtiles) character file.

423 Psiweapon the Cleaver (level 6, -1/51 HPs)
             Began as a Hill Orc Fighter on Mar 12, 2016.
             Slain by a worker ant (5 damage)
             ... on level 4 of the Dungeon.
             The game lasted 00:09:42 (4288 turns).

Psiweapon the Cleaver (Hill Orc Fighter)            Turns: 4288, Time: 00:09:42

Health: -1/51      AC:  8    Str: 19    XL:     6   Next: 95%
Magic:  6/6        EV: 12    Int: 13    God:
Gold:   149        SH:  9    Dex: 17    Spells: 0 memorised, 5 levels left

rFire  . . .     SeeInvis .     a - +0 war axe
rCold  . . .     Gourm    .     b - +0 scale mail
rNeg   . . .     Faith    .     c - +0 shield
rPois  .         Spirit   .     (no helmet)
rElec  +         Dismiss  .     (no cloak)
rCorr  .         Reflect  .     (no gloves)
SustAt .         Harm     .     w - +0 pair of boots (curse)
MR     .....                    (no amulet)
Stlth  +.........               (no ring)
                                (no ring)

@: brilliant, agile, lethally poisoned (-1 -> -12), very slightly contaminated,
hasted, very quick, not resistant to hostile enchantments, very unstealthy
A: electricity resistance
a: no special abilities


You were on level 4 of the Dungeon.
You were not hungry.

You visited 1 branch of the dungeon, and saw 5 of its levels.

You collected 149 gold pieces.

Inventory:

Hand Weapons
 a - a +0 war axe (weapon)
 d - a +0 dire flail
Missiles
 h - 19 sling bullets
 o - 57 bolts
Armour
 b - a +0 scale mail (worn)
 c - a +0 shield (worn)
 w - a cursed +0 pair of boots (worn)
Scrolls
 e - 2 scrolls of fear {unknown}
 g - a scroll of magic mapping {unknown}
 i - a scroll of enchant weapon {unknown}
 k - 4 scrolls of identify {unknown}
 l - 6 scrolls of recharging {unknown}
 m - 3 scrolls of teleportation {unknown}
 q - a scroll of enchant armour {unknown}
 r - 2 scrolls of remove curse {unknown}
Potions
 p - 2 potions of lignification
 s - a potion of flight {unknown}
 t - a potion of beneficial mutation
Comestibles
 f - 2 bread rations
 u - a beef jerky
 x - 2 chunks of flesh


   Skills:
 - Level 3.6 Fighting
 + Level 9.5 Axes
 - Level 3.2 Armour
 - Level 3.2 Shields


You had 5 spell levels left.
You didn't know any spells.

Dungeon Overview and Level Annotations

Branches:
Dungeon (5/15)
 Temple: D:4-7

Altars:
Elyvilon
Yredelemnul


Innate Abilities, Weirdness & Mutations

You are resistant to electric shocks.


Message History

You feel agile all of a sudden.
You feel sick.
Drink which item? (? for menu, Esc to quit)
It was a potion of brilliance.
You feel clever all of a sudden.
You feel sick. The worker ant misses you.
You hit the worker ant.
The worker ant is almost dead.
The worker ant bites you but does no damage.
You closely miss the worker ant.
The worker ant is almost dead.
You feel sick. The worker ant bites you.
* * * LOW HITPOINT WARNING * * *
You are more poisoned.
The worker ant poisons you!
You barely miss the worker ant.
The worker ant is almost dead.
* * * LOW HITPOINT WARNING * * *
You feel sick. The worker ant bites you.
You die...

.......## #
........###.#
........#.#.#
8.......#.#.###
......a.'.....#
........'...#.#
8.......#.###
........#a#
........#@#
.......##.#
......# #.#
.....# #.# ...#
#.# ##[# ###
#>.# ##.## #.##
##...## #.#


You could see a worker ant.

Vanquished Creatures
  Edmund (D:4)
  A scorpion (D:4)
  A giant frog skeleton (D:4)
  2 orc priests
  A worker ant (D:4)
  3 adders
  3 gnolls (D:3)
  A worm (D:3)
  A dart slug (D:1)
  5 giant geckos
  5 orcs
  2 ball pythons
  3 giant cockroaches (D:1)
  9 goblins
  7 hobgoblins
  4 jackals (D:5)
  8 kobolds
  2 quokkas
  14 bats
  4 giant newts
  10 rats
87 creatures vanquished.

Notes
Turn   | Place    | Note
--------------------------------------------------------------
     0 | D:1      | Psiweapon the Hill Orc Fighter began the quest for the Orb.
     0 | D:1      | Reached XP level 1. HP: 19/19 MP: 1/1
    52 | D:1      | Reached skill level 3 in Axes
    96 | D:1      | Reached XP level 2. HP: 26/26 MP: 2/2
   459 | D:4      | Noticed Edmund
   464 | D:3      | Reached skill level 4 in Axes
   742 | D:2      | Reached XP level 3. HP: 4/31 MP: 3/3
   991 | D:1      | Reached skill level 5 in Axes
  1722 | D:2      | Found a basalt altar of Yredelemnul.
  1740 | D:2      | Reached XP level 4. HP: 36/39 MP: 4/4
  2261 | D:3      | Found a white marble altar of Elyvilon.
  2459 | D:3      | Reached skill level 6 in Axes
  2542 | D:3      | Reached XP level 5. HP: 15/45 MP: 5/5
  3113 | D:3      | Reached skill level 7 in Axes
  3114 | D:3      | HP: 2/45 [orc/trident (1)]
  3543 | D:5      | Entered Level 5 of the Dungeon
  3802 | D:4      | Reached skill level 8 in Axes
  3802 | D:4      | Reached XP level 6. HP: 24/51 MP: 6/6
  3817 | D:4      | Killed Edmund
  3817 | D:4      | Reached skill level 9 in Axes
  4282 | D:4      | Gained mutation: You are resistant to electric shocks. [potion of beneficial mutation]
  4288 | D:4      | Slain by a worker ant

Vault maps used:
D:1:      dpeg_arrival_rooms_with_view
D:2:      yredelemnul_altar_generic, kennysheep_boxes
D:3:      lemuel_round_altar, hex_large
D:4:      kennysheep_big_flooded_room, first_bread, uniq_edmund
D:5:      grunt_dithmenos_smoke_and_mirrors, nicolae_underground_beach

Skill      XL: |  1  2  3  4  5  6 |
---------------+-------------------+-----
Axes           | 3 4 5 6 8 9 |  9.5
Fighting       | |  3.6
Armour         | |  3.2
Shields        | |  3.2

Action                   |  1- 3 |  4- 6 || total
-------------------------+-------+-------++-------
Melee: War axe           |   128 |   159 ||   287
  Use: Potion            |     1 |     8 ||     9
  Eat: Chunk             |     3 |     8 ||    11
